 Dungeon Crawl Stone Soup version 0.26-a0-1013-gf6ffb0d6bd (console) character file.

Game seed: 4789945788615424131

691 om the Ruffian (level 7, -3/59 HPs)
             Began as a Ghoul Monk on Dec 7, 2020.
             Slain by an ogre
             ... wielding a +0 giant club
              (14 damage)
             ... on level 5 of the Dungeon.
             The game lasted 00:13:50 (3610 turns).

om the Ruffian (Ghoul Monk)                         Turns: 3610, Time: 00:13:51

Health: -3/59      AC:  8    Str: 16    XL:     7   Next: 63%
Magic:  15/15      EV: 11    Int:  5    God:
Gold:   327        SH:  0    Dex: 12    Spells: 6/6 levels left

rFire    . . .     SeeInvis .     - Unarmed
rCold    + + .     Faith    .   (no shield)
rNeg     + + +     Spirit   .   f - +0 scale mail
rPois    ∞         Reflect  .   e - +0 helmet
rElec    .         Harm     .   i - scarf {shadows}
rCorr    .         Rampage  .   (no gloves)
Will     .....                  (no boots)
Stlth    +.........             (no amulet)
HPRegen  0.00/turn              k - ring of protection from cold
MPRegen  0.14/turn              w - ring of magical power

@: no status effects
A: rotting body, claws 1, cold resistance 1, negative energy resistance 3,
inhibited regeneration, torment resistance, unbreathing
a: no special abilities


You were on level 5 of the Dungeon.
You visited 1 branch of the dungeon, and saw 5 of its levels.

You collected 327 gold pieces.

Inventory:

Armour
 e - a +0 helmet (worn)
 f - a +0 scale mail (worn)
 i - a scarf of shadows (worn)
Jewellery
 h - a +6 ring of strength
 k - a ring of protection from cold (left claw)
 t - an uncursed ring of fire
 w - a ring of magical power (right claw)
Wands
 a - a wand of disintegration (13)
Scrolls
 d - 3 scrolls of teleportation {unknown}
 g - 3 scrolls of enchant armour {unknown}
 l - 3 scrolls of remove curse
 m - a scroll of fog {unknown}
 n - 4 scrolls of magic mapping
 p - a scroll of amnesia {unknown}
 q - a scroll of blinking {unknown}
Potions
 b - 4 potions of brilliance
 c - 3 potions of curing
 j - a potion of cancellation
 o - a potion of attraction {unknown}
 r - a potion of mutation {unknown}
 s - 2 potions of heal wounds {unknown}
 u - a potion of degeneration {unknown}
 v - a potion of flight {unknown}


   Skills:
 - Level 4.0 Fighting
 + Level 3.3 Armour
 - Level 4.0 Dodging
 + Level 4.5 Stealth
 + Level 6.2 Unarmed Combat


You had 6 spell levels left.
You didn't know any spells.
Your spell library contained the following spells:

 Spells                   Type           Power        Failure   Level
 Corona                   Hex            #......      88%         1
 Ensorcelled Hibernation  Hex/Ice        #.....       96%         2
 Confusing Touch          Hex            #.......     99%         3
 Dazzling Flash           Conj/Hex       #.....       99%         3
 Tukima's Dance           Hex            #.......     99%         3


Dungeon Overview and Level Annotations

Branches:
Dungeon (5/15)
 Temple: D:4-7

Altars:
Trog
Yredelemnul


Innate Abilities, Weirdness & Mutations

Your body is rotting away.
You thrive by killing the living.
You are immune to poison.
You have sharp fingernails.
Your flesh is cold resistant. (rC+)
You are immune to negative energy. (rN+++)
You do not regenerate when monsters are visible.
You are immune to unholy pain and torment.
You can survive without breathing.


Message History

The ogre is moderately wounded.
The ogre hits you with a +0 giant club!!
* * * LOW HITPOINT WARNING * * *
Okay, then.
You barely miss the ogre.
The ogre is moderately wounded.
You barely miss the ogre.
The ogre is moderately wounded.
The ogre hits you with a +0 giant club.
* * * LOW HITPOINT WARNING * * *
You scratch the ogre.
The ogre is heavily wounded.
The ogre hits you with a +0 giant club.
* * * LOW HITPOINT WARNING * * *
You scratch the ogre.
The ogre is severely wounded.
You scratch the ogre.
The ogre is almost dead.
The ogre hits you with a +0 giant club!
You die...

......#........#.......#
#......#........'.......#
#......+........#....<..#
#......#...<##'##.......#
#......#....##..#.......#
#......#........#.......#
#......'........#.......#
#......#........#.......#
#......#######..#.......#
#............####.......#
#.........@O............#
##+####.................#
#.................#
#.................#
#.................###
###########..........
.......... ..........
.......... ..........
..........


You could see an ogre.

Vanquished Creatures
  Pikel (D:4)
  A lemure (D:4)
  A howler monkey (D:4)
  Ijyb (D:5)
  A worker ant (D:4)
  A hound skeleton (D:4)
  Robin (D:4)
  2 adders
  A white imp (D:2)
  An ooze (D:3)
  An adder skeleton (D:4)
  3 worms (D:3)
  3 dart slugs
  2 leopard geckos
  3 orcs (D:4)
  2 ball pythons
  3 giant cockroaches
  16 goblins
  5 hobgoblins
  3 jackals (D:1)
  3 quokkas
  9 bats
  4 frilled lizards
  9 kobolds
  13 rats
90 creatures vanquished.

Vanquished Creatures (others)
  A wizard (D:3)
1 creature vanquished.

Grand Total: 91 creatures vanquished

Notes
Turn   | Place    | Note
-------+----------+-------------------------------------------
     0 | D:1      | om the Ghoul Monk began the quest for the Orb.
     0 | D:1      | Reached XP level 1. HP: 19/19 MP: 0/0
   114 | D:1      | Reached XP level 2. HP: 16/26 MP: 1/1
   654 | D:1      | Reached skill level 4 in Unarmed Combat
   840 | D:1      | Reached XP level 3. HP: 31/31 MP: 2/2
  1343 | D:2      | Reached XP level 4. HP: 35/39 MP: 3/3
  2094 | D:3      | Found a bloodstained altar of Trog.
  2097 | D:3      | Noticed a wizard
  2102 | D:3      | Killed a wizard
  2170 | D:3      | Reached skill level 5 in Unarmed Combat
  2549 | D:4      | Noticed a lemure
  2549 | D:4      | Noticed a lemure
  2556 | D:4      | Noticed a lemure
  2557 | D:4      | Noticed Pikel
  2559 | D:4      | Noticed a lemure
  2564 | D:4      | Killed a lemure
  2575 | D:4      | Killed Pikel
  2576 | D:4      | Reached skill level 6 in Unarmed Combat
  2576 | D:4      | Reached XP level 5. HP: 30/46 MP: 4/4
  2576 | D:4      | Reached XP level 6. HP: 34/52 MP: 5/5
  2576 | D:4      | Reached XP level 7. HP: 39/59 MP: 6/6
  2921 | D:4      | Noticed Robin
  2959 | D:4      | Killed Robin
  3418 | D:4      | Found a basalt altar of Yredelemnul.
  3496 | D:5      | Entered Level 5 of the Dungeon
  3496 | D:5      | Noticed Ijyb
  3509 | D:5      | Killed Ijyb
  3610 | D:5      | Slain by an ogre

Illustrated notes

Levels and vault maps discovered:
D:1:      dpeg_arrival_shrine, layout_loops_ring
D:2:      layout_rooms, minmay_small_reverse_x
D:3:      layout_rooms, trog_wizard
D:4:      layout_basic, lemuel_coloured_pillars_altar, uniq_robin, uniq_pikel
D:5:      layout_gridville, gammafunk_temple_overflow_arena, serial_shops, shop,
          shop, uniq_ijyb, uniq_grinder

Skill      XL: |  1  2  3  4  5  6  7 |
---------------+----------------------+-----
Unarmed Combat | 4 6 |  6.2
Dodging        | 3 4 |  4.0
Fighting       | 4 |  4.0
Armour         | 2 3 |  3.3
Stealth        | 4 |  4.5

Action                   |  1- 3 |  4- 6 |  7- 9 || total
-------------------------+-------+-------+-------++-------
Melee: Unarmed           |   108 |   114 |    75 ||   297
       Punch             |     1 |     2 |     2 ||     5
  Use: Scroll            |       |     5 |       ||     5
       Potion            |       |     1 |       ||     1
 Stab: Sleeping          |     1 |     2 |       ||     3
Armor: Robe              |    19 |    13 |       ||    32
       Scale mail        |       |    20 |    38 ||    58
Dodge: Dodged            |    74 |    77 |    62 ||   213

Table legend: (Time is in decaauts)
 A = Elapsed time spent in this place.
 B = Non-inter-level travel time spent in this place.
 C = Inter-level travel time spent in this place.
 D = Time resting spent in this place.
 E = Time spent auto-exploring this place.
 F = Levels seen in this place.
 G = Mean time per level.
                   A        B        C        D        E       F      G
               +--------+--------+--------+--------+--------+-----+--------+
         Total |   3580 |   3524 |     56 |    965 |   1803 |   5 |  716.0 |
       Dungeon |   3580 |   3524 |     56 |    965 |   1803 |   5 |  716.0 |
               +--------+--------+--------+--------+--------+-----+--------+

Top non-repeatable levels by time:
     D:1: 1081 daAuts
     D:4: 1033 daAuts
     D:3: 705 daAuts
     D:2: 649 daAuts
     D:5: 111 daAuts
